 Dungeon Crawl Stone Soup version 0.30.0-19-g36f170ea60 (webtiles) character file.

Game seed: 10498617668426833812

89 Graphine the Ducker (level 4, 0/37 HPs)
             Began as a Merfolk Monk on May 29, 2023.
             Slain by Natasha (2 damage)
             ... on level 3 of the Dungeon.
             The game lasted 00:05:47 (1981 turns).

Graphine the Ducker (Merfolk Monk)                  Turns: 1981, Time: 00:05:47

Health: 0/37       AC:  3    Str: 11    XL:     4   Next: 55%
Magic:  4/4        EV: 15    Int:  9    God:
Gold:   103        SH:  0    Dex: 18    Spells: 3/3 levels left

rFire   . . .        k - +2 dagger (vamp)
rCold   + . .        d - orb {light}
rNeg    . . .        b - +0 robe
rPois   .            (no helmet)
rElec   .            (no cloak)
rCorr   .            f - +0 pair of gloves
SInv    .            (no boots)
Will    .....        (no amulet)
Stlth   +            j - ring of protection from cold
HPRegen 0.26/turn    (no ring)
MPRegen 0.09/turn

%: no passive effects
@: slowed, glowing, very slow
A: (nimble swimmer 2), mertail
a: no special abilities


You were on level 3 of the Dungeon.
You visited 1 branch of the dungeon, and saw 3 of its levels.

You collected 103 gold pieces.

Inventory:

Hand Weapons
 a - a +0 falchion
 k - a +2 vampiric dagger (weapon)
Armour
 b - a +0 robe (worn)
 d - an orb of light (worn)
 f - a +0 pair of gloves (worn)
Jewellery
 j - a ring of protection from cold (left hand)
Scrolls
 e - 2 scrolls of teleportation {unknown}
 i - a scroll of amnesia {unknown}
Potions
 c - a potion of ambrosia
 g - a potion of flight
 h - 2 potions of curing


   Skills:
 * Level 4.2 Fighting
 * Level 4.7 Long Blades
 * Level 5.1 Dodging


You had 3 spell levels left.
You didn't know any spells.
Your spell library contained the following spells:

 Spells                   Type           Power      Damage    Failure   Level
 Blink                    Tloc           0%         N/A       52%         2
 Lesser Beckoning         Tloc           0%         N/A       52%         2
 Momentum Strike          Conj/Tloc      0%         3d8       52%         2
 Summon Ice Beast         Ice/Summ       0%         N/A       99%         4
 Summon Mana Viper        Hex/Summ       0%         N/A       100%        5
 Monstrous Menagerie      Summ           0%         N/A       100%        7


Dungeon Overview and Level Annotations

Branches:
Dungeon (3/15)

Altars:

Shops:
D:1 (   D:2 ?*((

Annotations:
D:3 Natasha


Innate Abilities, Weirdness & Mutations

((You are very nimble when in or above water. (Stealth+, EV+, Speed+++)))
Your lower body shifts to a powerful aquatic tail in water.


Message History

Natasha barely misses you.
The cerulean imp hits you from afar with a +1 spear.
* * * LOW HITPOINT WARNING * * *
Unknown command.
Okay, then.
You hit Natasha.
You feel better.
Natasha is heavily wounded.
Natasha casts a spell at you. The magic dart hits you!
* * * LOW HITPOINT WARNING * * *
The cerulean imp hits you from afar with a +1 spear.
* * * LOW HITPOINT WARNING * * *
You bump into the rock wall.
Natasha barely misses you. The cerulean imp barely misses you.
Natasha closely misses you. The cerulean imp misses you.
You bump into the rock wall.
You feel less invigorated.
You feel less confused. Natasha completely misses you.
The cerulean imp closely misses you.
You hit Natasha but do no damage.
Natasha is heavily wounded.
Natasha claws you.
The cerulean imp hits you but does no damage.
Natasha misses you.
You closely miss Natasha.
Natasha is heavily wounded.
The cerulean imp misses you. Natasha barely misses you.
The cerulean imp hits you but does no damage.
You barely miss Natasha.
Natasha is heavily wounded.
Natasha closely misses you.
The cerulean imp hits you from afar with a +1 spear.
You hit Natasha.
Natasha is severely wounded.
Natasha casts a spell at you. The magic dart hits you!
* * * LOW HITPOINT WARNING * * *
The cerulean imp hits you from afar with a +1 spear.
* * * LOW HITPOINT WARNING * * *
Natasha claws you.
You die...

..####?
.....#..
.....#..
###........
.... .....#
..... ...#
..... #5####
...... #oh@.#
......###o##.#
....>h†..<# .#
..........# .#
.........$# .#
.........## .#
.........# .#
.........# ##
..........


You could see Natasha, a cerulean imp (summoned) and 2 orcs.

Vanquished Creatures
  An orc wizard (D:3)
  3 adders
  A worm (D:2)
  2 orcs
  2 bats
  3 endoplasms
  3 giant cockroaches (D:2)
  6 goblins
  A hobgoblin (D:1)
  A kobold (D:1)
  4 quokkas
  A ball python (D:2)
  A frilled lizard (D:2)
  4 rats
33 creatures vanquished.

Notes
Turn   | Place    | Note
-------+----------+-------------------------------------------
     0 | D:1      | Graphine the Merfolk Monk began the quest for the Orb.
     0 | D:1      | Reached XP level 1. HP: 18/18 MP: 1/1
   208 | D:1      | Found Mown's Antique Weapon Shop.
   825 | D:1      | Reached XP level 2. HP: 24/24 MP: 2/2
  1071 | D:2      | Identified the +0 leather armour "Lauzusutoy" {rN+++ Dex+2
                  | Slay-5 SInv}
  1307 | D:2      | Found Tesow's Assorted Antiques.
  1330 | D:2      | Reached XP level 3. HP: 30/30 MP: 3/3
  1344 | D:2      | Found Woankewa's Weapon Emporium.
  1478 | D:2      | Found Asihe's Magic Scroll Boutique.
  1492 | D:2      | Found a faded altar of an unknown god.
  1881 | D:2      | Found Ixadeol's Antique Weapon Emporium.
  1918 | D:3      | Noticed Natasha
  1933 | D:3      | Reached XP level 4. HP: 26/37 MP: 4/4
  1956 | D:3      | Reached skill level 5 in Dodging
  1981 | D:3      | Slain by Natasha

Illustrated notes

Levels and vault maps discovered:
D:1:      saegor_arrival_miasma, layout_basic, serial_shops,
          nicolae_shop_tiny_real_fake_doors
D:2:      layout_loops_ring, ebering_ecumenical_altar_abandoned, serial_shops,
          nicolae_shop_pleasant_corner_grove, shop, shop_statue, shop_statue
D:3:      layout_rooms, uniq_natasha, uniq_crazy_yiuf_cottage

Skill      XL: |  1  2  3  4 |
---------------+-------------+-----
Long Blades    | 4 |  4.7
Fighting       | 4 |  4.2
Dodging        | 5 |  5.1

Action                     |  1- 3 |  4- 6 || total
---------------------------+-------+-------++-------
  Melee: Falchion          |    12 |       ||    12
         Dagger            |    68 |    45 ||   113
    Use: Scroll            |     5 |       ||     5
         Potion            |       |     1 ||     1
 Armour: Robe              |    17 |     4 ||    21
  Dodge: Dodged            |    44 |    42 ||    86
